 Dungeon Crawl Stone Soup version 0.31-a0-841-g038b102fc3 (webtiles) character file.

Game seed: 3558723480172157058

179 CowFu the Trooper (level 5, 0/34 HPs)
             Began as a Gargoyle Fighter on Sept 27, 2023.
             Killed from afar by Ijyb (19 damage)
             ... with a bolt of acid
             ... on level 3 of the Dungeon.
             The game lasted 00:03:53 (1589 turns).

CowFu the Trooper (Gargoyle Fighter)                Turns: 1589, Time: 00:03:53

Health: 0/34       AC:  8    Str: 18    XL:     5   Next: 59%
Magic:  5/5        EV:  4    Int:  8    God:
Gold:   91         SH:  9    Dex:  9    Spells: 4/4 levels left

rFire   . . .        a - +1 flail
rCold   + . .        d - +1 kite shield
rNeg    + . .        f - +0 plate armour
rPois   ∞            (no helmet)
rElec   +            (no cloak)
rCorr   .            (no gloves)
SInv    .            e - +3 pair of mountain boots {steadfast, rC+}
Will    .....        i - amulet of magic regeneration Stlth
                     (no ring)
HPRegen 0.25/turn    (no ring)
MPRegen 0.49/turn

%: no passive effects
@: corroded
A: sickness immunity, AC +4, negative energy resistance 1, electricity
resistance, torment resistance 1, petrification resistance, weak 2, wild magic 1
a: no special abilities


You were on level 3 of the Dungeon.
You visited 1 branch of the dungeon, and saw 4 of its levels.

You collected 181 gold pieces.
You spent 90 gold pieces at shops.

Inventory:

Hand Weapons
 a - a +1 flail (weapon)
Armour
 d - a +1 kite shield (worn)
 e - the +3 pair of mountain boots (worn) {steadfast, rC+}
   (You acquired it on level 4 of the Dungeon)

   Steadfast: It prevents involuntary movement, except for blinking,
   teleportation, or banishment.
   rC+:       It protects you from cold.
 f - a +0 plate armour (worn)
Jewellery
 i - an amulet of magic regeneration (around neck)
Scrolls
 b - a scroll of blinking {unknown}
 c - 2 scrolls of immolation
Potions
 h - a potion of curing


   Skills:
 + Level 4.3 Fighting
 + Level 3.2 Maces & Flails
 + Level 4.3 Armour
 + Level 4.3 Shields


You had 4 spell levels left.
You didn't know any spells.
Your spell library contained the following spells:

 Spells                   Type           Power      Damage    Failure   Level
 Sting                    Tmut/Pois      0%         1d3       100%        1
 Poisonous Vapours        Pois/Air       0%         N/A       100%        2
 Volatile Blastmotes      Fire/Tloc      0%         2d10      100%        3
 Fulminant Prism          Conj/Hex       0%         3d5       100%        4
 Iskenderun's Mystic Bla  Conj/Tloc      0%         2d3       100%        4
 Olgreb's Toxic Radiance  Pois           0%         N/A       100%        4


Dungeon Overview and Level Annotations

Branches:
Dungeon (4/15)
 Temple: D:4-7

Altars:
Cheibriados
Fedhas
Kikubaaqudgha
Sif Muna

Shops:
D:2 ?

Annotations:
D:3 3 runed translucent doors, Ijyb; Newt's ghost, amateur KoHu
D:4 1 runed translucent door, justen's ghost, amateur DrSh


Innate Abilities, Weirdness & Mutations

You are immune to sickness and miasma.
Your stone body is resilient. (AC +4)
You are immune to poison.
You resist negative energy. (rN+)
You are resistant to electric shocks. (rElec)
You are resistant to unholy torment.
You are immune to petrification.
You are very weak. (Str -4)
Your spells are a little harder to cast, but a little more powerful.


Message History

A dart slug is nearby!
You sock the dart slug!
You kill the dart slug!
Found a mace.
No target in view!
You see here a +0 mace.
Found a spear.
No target in view!
You see here a +0 spear.
The orc shouts! x2; You hear a shout!
Newt's ghost turns its malevolent gaze towards you.
You hear a shout!
The orc shouts!
The orc shouts!
Newt's ghost lets out a mournful wail.
Key pressed, stopping explore.
No reachable target in view!
Ijyb the Twisted Goblin comes into view.
She is wielding a +0 club and carrying a wand of acid.
Found 16 gold pieces.
Ijyb zaps a wand.
The bolt of acid hits you but does no damage.
The acid corrodes you!
Ijyb is nearby!
Ijyb is nearby!
Ijyb hits you but does no damage.
Ijyb is nearby!
Ijyb is nearby!
You closely miss Ijyb. You block Ijyb's attack.
You miss Ijyb. You block Ijyb's attack.
Ijyb zaps a wand.
The bolt of acid hits you. The acid corrodes you!
Ijyb is nearby!
You sock Ijyb!
Ijyb is moderately wounded.
Ijyb zaps a wand.
The bolt of acid hits you! The acid corrodes you!
Ijyb is nearby!
You hit Ijyb.
Ijyb is heavily wounded.
Ijyb hits you with a +0 club.
Ijyb zaps a wand.
The bolt of acid hits you!!
Ouch! That really hurt!
You die...

...#.#8#..8..#8#.#
...#.###o.o..###.#
####....#####....#
...#..[oo.W.oWooo#
...######+++#######
...8.............8# #
<.................#.#
...÷.##.......##!g$.#
.....###......#.@#
.....# #........##
.....# #..>...###
.##### #......# .#
######## .# .### ...#
##.#


You could see Ijyb, Newt's ghost and 4 orcs.

Vanquished Creatures
  An orc priest (D:4)
  An iguana (D:3)
  An orc wizard (D:4)
  3 adders
  A worm (D:2)
  3 dart slugs
  4 orcs (D:4)
  7 ball pythons
  6 endoplasms
  3 giant cockroaches
  3 goblins
  5 hobgoblins
  7 jackals
  7 kobolds
  A quokka (D:3)
  2 frilled lizards (D:1)
  4 rats
59 creatures vanquished.

Notes
Turn   | Place    | Note
-------+----------+-------------------------------------------
     0 | D:1      | CowFu the Gargoyle Fighter began the quest for the Orb.
     0 | D:1      | Reached XP level 1. HP: 14/14 MP: 1/1
    36 | D:1      | Reached XP level 2. HP: 5/19 MP: 2/2
   292 | D:1      | Reached XP level 3. HP: 23/23 MP: 3/3
   411 | D:1      | Found a faded altar of an unknown god.
   658 | D:2      | Found Pefuohef's Magic Scroll Emporium.
   670 | D:2      | Bought a scroll of enchant weapon for 90 gold pieces
   865 | D:2      | You fall into a shaft and drop 2 floors!
   946 | D:4      | Found an ancient bone altar of Kikubaaqudgha.
  1007 | D:4      | Found a shimmering blue altar of Sif Muna.
  1021 | D:4      | Found a runed translucent door.
  1021 | D:4      | Noticed justen's ghost (amateur DrSh)
  1030 | D:4      | Found a snail-covered altar of Cheibriados.
  1050 | D:4      | Identified a scroll of acquirement
  1050 | D:4      | Acquired the +3 pair of mountain boots {steadfast, rC+}
  1050 | D:4      | Found the +3 pair of mountain boots {steadfast, rC+}
  1064 | D:4      | Gained mutation: You are weak. (Str -2) [potion of
                  | mutation]
  1064 | D:4      | Gained mutation: You are very weak. (Str -4) [potion of
                  | mutation]
  1064 | D:4      | Gained mutation: Your spells are a little harder to cast,
                  | but a little more powerful. [potion of mutation]
  1067 | D:4      | Reached XP level 4. HP: 14/29 MP: 4/4
  1097 | D:4      | Reached XP level 5. HP: 7/33 MP: 5/5
  1147 | D:3      | Found a runed translucent gate.
  1147 | D:3      | Found a runed translucent gate.
  1147 | D:3      | Found a runed translucent gate.
  1196 | D:3      | Identified the +7 dagger of Agony {heavy, Int+2}
  1197 | D:3      | Noticed Newt's ghost (amateur KoHu)
  1219 | D:3      | Found a blossoming altar of Fedhas.
  1582 | D:3      | Noticed Ijyb
  1589 | D:3      | Killed from afar by Ijyb

Illustrated notes

Levels and vault maps discovered:
D:1:      minmay_arrival_open_corners, layout_rooms,
          nicolae_ecumenical_lake_church
D:2:      layout_loops_ring, serial_shops, shop, minmay_split_cup_large,
          uniq_terence
D:3:      layout_basic, fedhas_altar_3, biasface_ghost_orc_armoury,
          minmay_cupped, uniq_ijyb
D:4:      layout_basic, mainiacjoe_overflow_chevrons,
          mainiacjoe_overflow_surrounded_room, nicolae_sif_muna_condensation,
          hellmonk_ghost_happy_afterlife

Skill      XL: |  1  2  3  4 |
---------------+-------------+-----
Fighting       | 4 |  4.3
Armour         | 4 |  4.3
Shields        | 4 |  4.3
Maces & Flails | 3 |  3.2

Action                     |  1- 3 |  4- 6 || total
---------------------------+-------+-------++-------
  Melee: Flail             |    85 |   102 ||   187
    Use: Potion            |     3 |       ||     3
         Scroll            |     4 |     2 ||     6
 Armour: Scale mail        |   109 |    63 ||   172
         Plate armour      |       |    59 ||    59
  Dodge: Dodged            |    81 |    36 ||   117
  Block: Buckler           |    10 |       ||    10
         Kite shield       |    50 |    68 ||   118

Table legend: (Time is in decaauts)
 A = Elapsed time spent in this place.
 B = Non-inter-level travel time spent in this place.
 C = Inter-level travel time spent in this place.
 D = Time resting spent in this place.
 E = Time spent auto-exploring this place.
 F = Levels seen in this place.
 G = Mean time per level.
                   A        B        C        D        E       F      G
               +--------+--------+--------+--------+--------+-----+--------+
         Total |   1661 |   1640 |     21 |      0 |   1029 |   4 |  415.2 |
       Dungeon |   1661 |   1640 |     21 |      0 |   1029 |   4 |  415.2 |
               +--------+--------+--------+--------+--------+-----+--------+

Top non-repeatable levels by time:
     D:1: 645 daAuts
     D:3: 465 daAuts
     D:4: 303 daAuts
     D:2: 246 daAuts
